 Dungeon Crawl Stone Soup version 0.30-a0-4-ga7cffc901d (webtiles) character file.

Game seed: 6025395110992083510

37 SensoryNuts the Chopper (level 3, -4/22 HPs)
             Began as a Gargoyle Gladiator on Aug 21, 2022.
             Killed by divine providence
             ... invoked by an orc priest
              (15 damage)
             ... on level 3 of the Dungeon.
             The game lasted 00:03:06 (1574 turns).

SensoryNuts the Chopper (Gargoyle Gladiator)        Turns: 1574, Time: 00:03:06

Health: -4/22      AC:  9    Str: 19    XL:     3   Next: 41%
Magic:  3/3        EV: 12    Int:  8    God:
Gold:   87         SH:  0    Dex: 11    Spells: 2/2 levels left

rFire   . . .      SeeInvis .    a - +0 war axe
rCold   . . .      Faith    .    (no shield)
rNeg    + . .      Spirit   .    b - +0 leather armour
rPois   ∞          Reflect  .    c - +0 helmet
rElec   +          Harm     .    (no cloak)
rCorr   .          Rampage  .    k - +0 pair of gloves
Will    .....                    l - +0 pair of boots
Stlth   +.........               (no amulet)
HPRegen 0.07/turn                (no ring)
MPRegen 0.08/turn                (no ring)

@: no status effects
A: sickness immunity, AC +3, negative energy resistance 1, electricity
resistance, torment resistance 1, petrification resistance
a: no special abilities


You were on level 3 of the Dungeon.
You visited 1 branch of the dungeon, and saw 3 of its levels.

You collected 87 gold pieces.

Inventory:

Hand Weapons
 a - a +0 war axe (weapon)
Missiles
 d - 3 throwing nets (quivered)
 e - a javelin
Armour
 b - a +0 leather armour (worn)
 c - a +0 helmet (worn)
 k - a +0 pair of gloves (worn)
 l - a +0 pair of boots (worn)
Wands
 m - a wand of digging (4)
Scrolls
 g - 2 scrolls of enchant weapon {unknown}
 h - a scroll of enchant armour {unknown}
 i - 2 scrolls of teleportation {unknown}
 j - 2 scrolls of identify {unknown}
Potions
 n - a potion of flight {unknown}
 o - a potion of berserk rage {unknown}


   Skills:
 + Level 2.4 Fighting
 + Level 3.4 Axes
 + Level 1.8 Throwing
 + Level 0.6 Armour
 + Level 2.7 Dodging


You had 2 spell levels left.
You didn't know any spells.
Your spell library contained the following spells:

 Spells                   Type           Power      Damage    Failure   Level
 Petrify                  Tmut/Erth      0%         N/A       99%         4
 Summon Lightning Spire   Summ/Air       0%         N/A       99%         4
 Metabolic Englaciation   Hex/Ice        0%         N/A       100%        5
 Storm Form               Tmut/Air       0%         N/A       100%        7
 Maxwell's Capacitive Co  Air            0%         ∞         100%        8
 Statue Form              Tmut/Erth      Unusable   N/A       N/A         6

Dungeon Overview and Level Annotations

Branches:
Dungeon (3/15)

Altars:

Shops:
D:1 [


Innate Abilities, Weirdness & Mutations

You are immune to sickness and miasma.
Your stone body is resilient. (AC +3)
You are immune to poison.
You resist negative energy. (rN+)
You are resistant to electric shocks. (rElec)
You are resistant to unholy torment.
You are immune to petrification.


Message History

You barely miss the orc wizard. You closely miss the orc priest.
The orc wizard barely misses you.
The orc priest hits you but does no damage.
The orc wizard hits you but does no damage.
An orc comes into view. It is wielding a +0 dagger.
The orc priest begins to cast a cantrip, but forgets the words!
The orc priest casts a cantrip, but nothing happens.
You feel better.
The orc shouts!
The orc wizard misses you. The orc priest barely misses you.
You barely miss the orc priest.
The orc priest is lightly wounded.
You barely miss the orc wizard. The orc wizard barely misses you.
The orc priest hits you but does no damage.
You hit the orc priest but do no damage.
The orc priest is lightly wounded.
You closely miss the orc wizard.
The orc priest hits you with a +0 flail.
You hit the orc priest.
The orc priest is heavily wounded.
You barely miss the orc wizard. You closely miss the orc.
The orc wizard points at you and mumbles some strange words.
You resist with significant effort.
The orc priest hits you with a +0 flail.
The orc priest casts a cantrip, but nothing happens.
The orc hits you with a +0 dagger. The orc misses you.
The orc priest hits you but does no damage.
The orc wizard closely misses you. The orc wizard misses you.
The orc priest hits you with a +0 flail.
The orc priest looks satisfied for a moment.
The orc priest attacks as you move away!
The orc priest closely misses you.
The orc wizard attacks as you move away!
The orc wizard hits you but does no damage.
The orc priest looks encouraged for a moment.
The orc priest calls down the wrath of Beogh upon you.
Beogh smites you!
Ouch! That really hurt!
You die...

##.#. ... #
##...#####.#
#.##.#.#.##...#
#............#
.####o#.#.##.^#
.......o.###..#
.......o##
#..######
#..######o#
##........ #..# #@#
#....#####
##..######.###..#.#
.................#
#..######>###..###
#..######.###..#
#..##..........#
#....>....###.##
#.####.##.##### #.#
#....<.##.# #.#


You could see 2 orc priests, an orc wizard and an orc.

Vanquished Creatures
  2 dart slugs
  4 ball pythons
  4 endoplasms
  2 giant cockroaches
  A goblin (D:2)
  2 hobgoblins
  4 jackals (D:2)
  A quokka (D:1)
  3 bats
  A frilled lizard (D:1)
  3 kobolds
  2 rats
29 creatures vanquished.

Notes
Turn   | Place    | Note
-------+----------+-------------------------------------------
     0 | D:1      | SensoryNuts the Gargoyle Gladiator began the quest for the
                  | Orb.
     0 | D:1      | Reached XP level 1. HP: 12/12 MP: 1/1
   123 | D:1      | Found Tufreuj's Armour Shoppe.
   373 | D:1      | Reached XP level 2. HP: 15/18 MP: 2/2
   377 | D:1      | Reached skill level 3 in Axes
  1091 | D:2      | Reached XP level 3. HP: 22/22 MP: 3/3
  1574 | D:3      | Killed from afar by an orc priest

Illustrated notes

Levels and vault maps discovered:
D:1:      saegor_arrival_simple_d, layout_basic, serial_shops,
          nicolae_shop_behind_doors, minmay_pentomino_q2
D:2:      layout_rooms, minivault_25
D:3:      layout_loops_ring, fedhas_altar_2,
          hellmonk_ecumenical_altar_pennies_from_heaven

Skill      XL: |  1  2 |
---------------+-------+-----
Axes           | 3 |  3.4
Fighting       | |  2.4
Throwing       | |  1.8
Armour         | |  0.6
Dodging        | |  2.7

Action                   || total
-------------------------++-------
Melee: War axe           ||    77
  Use: Potion            ||     2
Armor: Leather armour    ||    45
Dodge: Dodged            ||    78

Table legend: (Time is in decaauts)
 A = Elapsed time spent in this place.
 B = Non-inter-level travel time spent in this place.
 C = Inter-level travel time spent in this place.
 D = Time resting spent in this place.
 E = Time spent auto-exploring this place.
 F = Levels seen in this place.
 G = Mean time per level.
                   A        B        C        D        E       F      G
               +--------+--------+--------+--------+--------+-----+--------+
         Total |   1600 |   1581 |     19 |      0 |   1282 |   3 |  533.3 |
       Dungeon |   1600 |   1581 |     19 |      0 |   1282 |   3 |  533.3 |
               +--------+--------+--------+--------+--------+-----+--------+

Top non-repeatable levels by time:
     D:1: 1050 daAuts
     D:2: 504 daAuts
     D:3: 45 daAuts
